Workbook

Sheet Feuil1
B3: 44075 | C3: =EDATE(B3,1) -> 44105 | D3: =EDATE(C3,1) -> 44136 | E3: =EDATE(D3,1) -> 44166 | F3: =EDATE(E3,1) -> 44197 | G3: =EDATE(F3,1) -> 44228 | H3: =EDATE(G3,1) -> 44256 | I3: =EDATE(H3,1) -> 44287 | J3: =EDATE(I3,1) -> 44317 | ... BI3: =EDATE(BH3,1) -> 45870 | BJ3: Total
A4: Ventes prévisionnelles
A5: Ventes Œufs | H5: 2405700 | I5: 3207600 | J5: 3207600 | K5: 4009500 | L5: 5613300 | M5: 8019000 | N5: 6415200 | O5: 6415200 | P5: 8019000 | Q5: 6415200 | R5: 6415200 | S5: 6415200 | T5: 5613300 | U5: 3207600 | V5: 4009500 | W5: 3207600 | X5: 801900 | Y5: 2405700 | Z5: 3207600 | AA5: 3207600 | AB5: 4009500 | AC5: 5613300 | AD5: 8019000 | AE5: 6415200 | AF5: 6415200 | AG5: 6415200 | AH5: 8019000 | AI5: 6415200 | AJ5: 6415200 | AK5: 5613300 | AL5: 3207600 | AM5: 4009500 | AN5: 3207600 | AO5: 801900 | AP5: 1603800 | AQ5: 3207600 | AR5: 3207600 | AS5: 6415200 | AT5: 6415200 | AU5: 6415200 | AV5: 8019000 | AW5: 6415200 | AX5: 6415200 | AY5: 8019000 | AZ5: 6415200 | BA5: 8019000 | BB5: 4811400 | BC5: 3207600 | BD5: 3207600 | BE5: 1603800 | BJ5: =SUM(B5:BI5) -> 250192800
A6: Ventes Poules réformées | T6: 6750000 | X6: 6750000 | AK6: 6750000 | AO6: 6750000 | BB6: 6750000 | BF6: 6750000 | BJ6: =SUM(B6:BI6) -> 40500000
A7: Total ventes Prévisionnelles | B7: =SUM(B5:B6) -> 0 | C7: =SUM(C5:C6) -> 0 | D7: =SUM(D5:D6) -> 0 | E7: =SUM(E5:E6) -> 0 | F7: =SUM(F5:F6) -> 0 | G7: =SUM(G5:G6) -> 0 | H7: =SUM(H5:H6) -> 2405700 | I7: =SUM(I5:I6) -> 3207600 | ... BI7: =SUM(BI5:BI6) -> 0 | BJ7: =SUM(B7:BI7) -> 290692800
A8: Décaissements | BJ8: =SUM(B8:BI8) -> 0
A9: Charges exploitation | BJ9: =SUM(B9:BI9) -> 0
A10: Achat Poussins | C10: 1750000 | G10: 1750000 | T10: 1750000 | X10: 1750000 | AK10: 1750000 | AP10: 1750000 | BJ10: =SUM(B10:BI10) -> 10500000
A11: litière | BJ11: =SUM(B11:BI11) -> 0
A12: Produits Vétérinaires | BJ12: =SUM(B12:BI12) -> 0
A13: Aliments | D13: 750000 | E13: 2400000 | F13: 937500 | H13: 6375000 | I13: 9900000 | J13: 8437500 | K13: 1875000 | L13: 7500000 | M13: 9375000 | N13: 5625000 | U13: 750000 | V13: 2400000 | W13: 937500 | Y13: 6375000 | Z13: 9900000 | AA13: 8437500 | AB13: 1875000 | AC13: 7500000 | AD13: 9375000 | AE13: 5625000 | AL13: 750000 | AM13: 2400000 | AN13: 937500 | AP13: 6375000 | AQ13: 9900000 | AR13: 8437500 | AS13: 1875000 | AT13: 5625000 | AU13: 7500000 | AV13: 9375000 | BJ13: =SUM(B13:BI13) -> 159525000
A14: Petit Materiel & Outillage | D14: 2675500 | G14: 2515500 | H14: 113000 | P14: 103000 | S14: 103000 | U14: 213000 | Y14: 213000 | AB14: 103000 | AE14: 103000 | AL14: 213000 | AN14: 103000 | AP14: 213000 | AQ14: 103000 | AZ14: 103000 | BJ14: =SUM(B14:BI14) -> 6877000
A15: Mobilier de Bureaux | D15: 128000 | BJ15: =SUM(B15:BI15) -> 128000
A16: Fournitures de bureaux | D16: 57500 | E16: 17500 | F16: 32500 | G16: 17500 | H16: 32500 | I16: 17500 | J16: 32500 | K16: 17500 | L16: 32500 | M16: 17500 | N16: 32500 | O16: 17500 | P16: 32500 | Q16: 17500 | R16: 32500 | S16: 32500 | T16: 17500 | U16: 32500 | V16: 32500 | W16: 17500 | X16: 32500 | Y16: 32500 | Z16: 17500 | AA16: 32500 | AB16: 17500 | AC16: 32500 | AD16: 32500 | AE16: 32500 | AF16: 32500 | AG16: 32500 | AH16: 32500 | AI16: 32500 | AJ16: 32500 | AK16: 32500 | AL16: 32500 | AM16: 32500 | AN16: 32500 | AO16: 32500 | AP16: 32500 | AQ16: 32500 | AR16: 32500 | AS16: 32500 | AT16: 32500 | AU16: 32500 | AV16: 32500 | AW16: 32500 | AX16: 32500 | AY16: 32500 | AZ16: 32500 | BA16: 32500 | BB16: 32500 | BC16: 32500 | BD16: 32500 | BE16: 32500 | BF16: 32500 | BG16: 32500 | BH16: 32500 | BI16: 32500 | BJ16: =SUM(B16:BI16) -> 1745000
A17: Travaux | B17: 300000 | BJ17: =SUM(B17:BI17) -> 300000
A18: Carburant & Maintenance | BJ18: =SUM(B18:BI18) -> 0
A19: Transport | BJ19: =SUM(B19:BI19) -> 0
A20: Salaires | BJ20: =SUM(B20:BI20) -> 0
A21: Charges salariales | BJ21: =SUM(B21:BI21) -> 0
A22: Frais Bancaires | BJ22: =SUM(B22:BI22) -> 0
A23: Amortissement | BJ23: =SUM(B23:BI23) -> 0
A24: Charges financières ( intérêt emprunt) | BJ24: =SUM(B24:BI24) -> 0
A25: Impôt | BJ25: =SUM(B25:BI25) -> 0
A26: Assurances | BJ26: =SUM(B26:BI26) -> 0
A27: Total Charges D'exploitation | B27: =SUM(B10:B26) -> 300000 | C27: =SUM(C10:C26) -> 1750000 | D27: =SUM(D10:D26) -> 3611000 | E27: =SUM(E10:E26) -> 2417500 | F27: =SUM(F10:F26) -> 970000 | G27: =SUM(G10:G26) -> 4283000 | H27: =SUM(H10:H26) -> 6520500 | I27: =SUM(I10:I26) -> 9917500 | ... BJ27: =SUM(BJ10:BJ26) -> 179075000

Sheet Feuil2
B3: =YEAR(Feuil1!B3) -> 2020 | C3: =B3+1 -> 2021 | D3: =C3+1 -> 2022 | E3: =D3+1 -> 2023 | F3: =E3+1 -> 2024 | G3: =F3+1 -> 2025
A4: I- Chiffre D'affaires (CA)
A5: Ventes Œufs | B5: =SUMPRODUCT((YEAR(Feuil1!$B$3:$BI$3)=B$3)*(OFFSET(Feuil1!$B$4,MATCH($A$5,Feuil1!$A$5:$A$48,0),,,60))) -> 0 | C5: =SUMPRODUCT((YEAR(Feuil1!$B$3:$BI$3)=C$3)*(OFFSET(Feuil1!$B$4,MATCH($A$5,Feuil1!$A$5:$A$48,0),,,60))) -> 53727300 | D5: =SUMPRODUCT((YEAR(Feuil1!$B$3:$BI$3)=D$3)*(OFFSET(Feuil1!$B$4,MATCH($A$5,Feuil1!$A$5:$A$48,0),,,60))) -> 48114000 | E5: =SUMPRODUCT((YEAR(Feuil1!$B$3:$BI$3)=E$3)*(OFFSET(Feuil1!$B$4,MATCH($A$5,Feuil1!$A$5:$A$48,0),,,60))) -> 64953900 | F5: =SUMPRODUCT((YEAR(Feuil1!$B$3:$BI$3)=F$3)*(OFFSET(Feuil1!$B$4,MATCH($A$5,Feuil1!$A$5:$A$48,0),,,60))) -> 70567200 | G5: =SUMPRODUCT((YEAR(Feuil1!$B$3:$BI$3)=G$3)*(OFFSET(Feuil1!$B$4,MATCH($A$5,Feuil1!$A$5:$A$48,0),,,60))) -> 12830400
A6: Ventes Poules réformées
A7: Total CA
A8: II - Charges d'exploitation (CE)
A9: Achat Poussins
A10: litière
A11: Produits Vétérinaires
A12: Aliments
A13: Petit Materiel & Outillage
A14: Mobilier de Bureaux
A15: Fournitures de bureaux
A16: Travaux
A17: Carburant & Maintenance
... A25: Total Charges D'exploitation
